Map: Zen LE

Players

Wendigo

  • Race: Zerg Zerg
  • League: Silver
  • Spawn Location: 7:00

antagomiR - Winner!

  • Race: Protoss Protoss
  • League: Gold
  • Spawn Location: 1:00

VOD

Have the link to the VOD?

Description

Time

  • Played on: April 1, 2020, 11:29 p.m.
  • Length: 13:52
Show
View Real Time Build Order
Export as new Build Order

Wendigo Zerg 

Build Orders: Hatch First 

Get SALT Encoding   

  12  0:33  Hatchery, Drone  
  12  0:40  Drone  
  13  0:46  Overlord  
  13  0:52  Drone  
  14  1:12  Spawning Pool  
  14  1:13  Drone  
  14  1:15  Drone  
  15  1:22  Drone  
  16  1:30  Overlord  
  16  1:35  Extractor  
  16  1:39  Drone  
  16  1:47  Drone  
  17  1:58  Drone  
  17  2:01  Queen  
  18  2:03  Drone  
  18  2:04  Queen  
  23  2:09  Drone  
  23  2:11  Drone  
  25  2:18  Drone x2  
  27  2:30  Drone  
  28  2:43  Drone x2  
  30  2:46  Hatchery  
  30  2:49  Overlord  
  29  3:05  Overlord x3  
  29  3:17  Extractor  
  29  3:19  Extractor  
  27  3:26  Drone x3  
  30  3:35  Drone x2  
  30  3:39  Drone x3  
  30  3:40  Drone x2  
  37  3:45  Lair  
  37  3:47  Metabolic Boost  
  37  3:50  Drone  
  39  3:55  Drone  
  40  4:02  Drone  
  40  4:03  Drone x2  
  40  4:07  Drone  
  43  4:17  Drone x2, Queen  
  45  4:20  Overlord x3  
  45  4:22  Spore Crawler  
  46  4:25  Spore Crawler  
  46  4:28  Spore Crawler  
  44  4:35  Drone x2  
  44  4:36  Drone x2  
  48  4:44  Drone x2  
  50  4:48  Extractor  
  49  4:57  Roach Warren  
  48  5:02  Drone x3  
  48  5:05  Spore Crawler  
  48  5:06  Extractor  
  49  5:15  Drone x3  
  49  5:18  Drone x2  
  54  5:29  Drone x2  
  54  5:31  Overlord x3  
  54  5:35  Overseer  
  56  5:39  Evolution Chamber  
  56  5:41  Evolution Chamber  
  54  5:44  Drone x2  
  54  5:45  Drone x2  
  54  5:49  Drone x3  
  61  5:56  Extractor  
  60  6:03  Hydralisk Den  
  59  6:06  Infestation Pit  
  59  6:11  Hydralisk Den  
  57  6:13  Evolution Chamber  
  57  6:16  Drone x4  
  60  6:19  Drone x4  
  64  6:40  Drone x2  
  64  6:41  Hatchery, Drone x2  
  67  6:54  Spore Crawler x2, Spine Crawler  
  66  6:56  Spine Crawler  
  66  6:58  Zerg Melee Weapons Level 1  
  66  6:59  Zerg Missile Weapons Level 1  
  63  7:02  Glial Reconstitution, Zerg Ground Armor Level 1  
  63  7:04  Muscular Augments  
  63  7:11  Hydralisk x2  
  63  7:12  Hydralisk x2  
  71  7:19  Overlord x3  
  71  7:20  Hive  
  71  7:22  Overseer  
  71  7:28  Roach x2  
  71  7:29  Roach x2  
  79  7:34  Overseer x2  
  79  7:36  Overseer  
  79  7:48  Hydralisk x2  
  83  7:59  Hydralisk x2  
  83  8:00  Hydralisk x2  
  83  8:02  Ravager x4  
  95  8:09  Drone x2  
  97  8:15  Overseer  
  97  8:21  Roach  
  99  8:33  Hydralisk x4  
  107  8:39  Burrow  
  107  8:45  Adrenal Glands  
  107  8:55  Extractor, Drone  
  107  8:56  Drone x2  
  107  8:58  Spore Crawler, Overlord x2  
  107  8:59  Overlord  
  108  9:03  Drone  
  108  9:08  Roach  
  108  9:09  Roach  
  113  9:11  Roach x3  
  113  9:12  Roach  
  121  9:23  Drone x2  
  123  9:28  Overlord  
  123  9:29  Overlord  
  123  9:31  Overlord x2  
  123  9:36  Hydralisk x4  
  131  9:39  Zerg Ground Armor Level 2  
  131  9:40  Zerg Missile Weapons Level 2  
  131  9:41  Zerg Melee Weapons Level 2  
  131  9:47  Spire  
  130  9:52  Overseer  
  130  10:17  Ravager x2  
  130  10:18  Ravager x4  
  136  10:26  Extractor  
  135  10:32  Hydralisk x5  
  135  10:34  Hydralisk  
  147  10:36  Roach  
  149  10:43  Grooved Spines  
  149  10:58  Spine Crawler  
  148  11:07  Roach x4  
  156  11:16  Zergling x4  
  156  11:17  Zergling x2  
  159  11:30  Drone x3  
  162  11:43  Hydralisk x4  
  170  11:47  Hydralisk x2  
  170  11:51  Roach x2  
  170  11:52  Roach  
  180  11:54  Ravager x4  
  180  11:55  Ravager x2  
  186  12:18  Zergling x10  
  191  12:43  Hydralisk x4  
Show
View Real Time Build Order
Export as new Build Order

antagomiR Protoss - Winner!

Build Orders: Archon Immortal 

Get SALT Encoding   

  12  0:10  Probe  
  13  0:19  Pylon  
  13  0:22  Probe (Chrono Boost)  
  14  0:31  Probe (Chrono Boost)  
  15  0:40  Gateway  
  15  0:43  Probe  
  16  0:56  Probe  
  17  1:01  Assimilator  
  17  1:05  Assimilator  
  17  1:08  Probe  
  18  1:20  Probe  
  19  1:30  Cybernetics Core  
  19  1:32  Pylon  
  19  1:37  Probe  
  20  1:50  Probe  
  21  2:02  Probe  
  21  2:03  Warp Gate (Chrono Boost)  
  21  2:06  Stalker (Chrono Boost)  
  25  2:15  Probe  
  25  2:23  Nexus  
  25  2:27  Probe  
  26  2:39  Pylon  
  26  2:46  Probe  
  26  2:51  Robotics Facility  
  27  3:04  Pylon  
  27  3:11  Gateway  
  27  3:16  Gateway  
  27  3:20  Probe  
  27  3:22  Sentry  
  30  3:33  Probe  
  31  3:42  Shield Battery  
  31  3:43  Observer  
  31  3:45  Probe  
  33  3:49  Probe  
  33  3:53  Assimilator  
  34  3:58  Probe  
  34  4:00  Sentry  
  34  4:01  Probe  
  38  4:10  Probe  
  38  4:14  Probe  
  40  4:22  Probe  
  41  4:26  Probe  
  41  4:28  Gateway  
  41  4:29  Twilight Council  
  41  4:30  Pylon  
  42  4:34  Probe, Stalker  
  42  4:35  Sentry  
  42  4:38  Probe, Zealot  
  50  4:46  Probe  
  50  4:52  Probe  
  52  4:55  Immortal  
  52  4:58  Probe  
  57  5:04  Probe  
  58  5:18  Probe x2  
  60  5:27  Charge (Chrono Boost)  
  60  5:28  Nexus  
  60  5:29  Pylon  
  60  5:30  Probe, Pylon  
  60  5:31  Gateway  
  60  5:34  Zealot  
  63  5:50  Probe x2  
  65  5:58  Shield Battery  
  65  6:02  Probe  
  65  6:04  Forge  
  66  6:07  Probe  
  67  6:14  Probe  
  67  6:16  Pylon, Templar Archives  
  68  6:19  Probe  
  68  6:24  Stalker  
  68  6:25  Stalker x2  
  75  6:26  Probe, Sentry x2  
  75  6:28  Assimilator  
  75  6:31  Probe  
  75  6:32  Immortal  
  85  6:38  Photon Cannon  
  85  6:41  Photon Cannon  
  85  6:45  Pylon  
  85  6:47  Probe x3  
  85  6:48  Protoss Ground Weapons Level 1 (Chrono Boost)  
  88  6:57  Zealot  
  88  6:58  Zealot x2  
  88  6:59  Probe  
  95  7:11  Observer  
  95  7:13  Assimilator  
  96  7:15  Assimilator  
  96  7:22  High Templar  
  98  7:32  Immortal  
  98  7:35  Zealot  
  98  7:36  Zealot x2  
  108  7:44  High Templar  
  108  7:48  Archon  
  110  7:53  Probe x3  
  112  8:05  Probe x2, Robotics Facility  
  114  8:13  Zealot  
  116  8:28  Probe  
  117  8:46  Gateway  
  117  8:47  Gateway  
  117  8:51  Protoss Ground Weapons Level 2 (Chrono Boost)  
  117  8:53  Gateway  
  117  8:54  Gateway  
  117  8:57  Gateway  
  117  9:25  Pylon  
  117  9:28  Pylon  
  117  9:30  Pylon  
  117  9:42  Warp Prism  
  117  9:43  Probe x3  
  117  9:45  High Templar  
  124  9:46  Immortal  
  124  9:47  High Templar x2  
  124  9:48  High Templar x4  
  124  9:51  Archon  
  124  9:52  Archon  
  140  9:55  Probe  
  140  9:59  Pylon  
  141  10:04  Archon  
  141  10:05  Pylon  
  141  10:07  Pylon  
  141  10:17  Probe x2  
  141  10:19  Immortal  
  147  10:21  Probe  
  147  10:25  Immortal  
  147  10:26  High Templar x5  
  162  10:29  Probe  
  162  10:33  Archon x2  
  162  10:35  Zealot  
  165  10:36  Archon  
  165  10:41  Pylon  
  165  10:44  Pylon  
  165  10:46  Pylon  
  165  11:00  Immortal  
  169  11:04  Immortal  
  169  11:09  Zealot  
  169  11:10  Zealot x3  
  181  11:12  High Templar x4  
  189  11:24  Archon  
  189  11:25  Archon  
  189  11:51  Pylon  
  189  11:56  Pylon, Nexus  
  189  11:58  Pylon  
  189  12:01  Pylon x2  
  189  12:09  Probe x3  
  189  12:14  High Templar  
  189  12:15  High Templar x3  
  200  12:26  Archon  
  200  12:27  Archon  
  163  13:27  Zealot x4  
  163  13:28  Zealot x4  
  163  13:29  Zealot x2  
Tags
 
Composition
Archon Immortal
Matchup
PvZ
Replay Pack
20200422
Spawn Locations
Cross Positions
Add a new tag
Caveats
  • Supply blocks, unpowered buildings, or Contaminate may cause inaccurate times.
  • Supply counts are checked every 10 seconds.